[ AOE2 MATCH · #506917504 ]
UnrankedBurgundians vs Persians
Player's team · WIN
Rival team · LOSS
[ REPLAY ANALYSIS · EXTRACTED FROM THE RECORDED GAME ]
Feudal
11:21
Castle
28:54
Imperial
45:50
| APM avg | 43.1 |
| APM peak | 76 |
| eAPM avg | 23.4 |
| Villagers / military | 136 / 86 |
Focus
⚔️ 24.8% · 🌾 75.2%
Flemish Militia ×36 · Coustillier ×28 · Monk ×8 · Battering Ram ×6 · Trebuchet (Packed) ×5 · Spearman ×2
Feudal
22:05
Castle
26:39
Imperial
—
| APM avg | 54.0 |
| APM peak | 101 |
| eAPM avg | 26.2 |
| Villagers / military | 93 / 38 |
Focus
⚔️ 33.3% · 🌾 66.7%
Petard ×13 · Knight ×8 · Militia ×6 · Camel Scout ×4 · Scout Cavalry ×4 · Battering Ram ×3
Match map
Initial resources + every placement click. Lines = walls · curves = elevation contours. ◆ gold · ⬟ stone · ● berries · ✦ relic · ◌ wall gap
Your base· Open — unwalled flank
MztK | FeNiX's base· Open — 4t gap
Smoothed initial terrain · ◌ = detected wall gap · hover for details
Inputs per minute
— zz_Highway - - MztK | FeNiX
Build order — zz_Highway
First 150 of 416 actions detected
| 0:01 | Queue | Villager (Male) |
| 0:01 | Queue | Villager (Male) |
| 0:02 | Build | House |
| 0:03 | Build | House |
| 0:28 | Queue | Villager (Male) |
| 0:36 | Queue | Villager (Male) |
| 1:30 | Queue | Villager (Male) |
| 2:02 | Queue | Villager (Male) |
| 2:10 | Build | Lumber Camp |
| 2:26 | Queue | Villager (Male) |
| 2:51 | Queue | Villager (Male) |
| 2:51 | Queue | Villager (Male) |
| 3:21 | Research | Double-Bit Axe |
| 3:22 | Research | Double-Bit Axe |
| 3:38 | Queue | Villager (Male) |
| 3:56 | Build | House |
| 4:05 | Queue | Villager (Male) |
| 4:06 | Queue | Villager (Male) |
| 4:27 | Build | House |
| 4:47 | Queue | Villager (Male) |
| 5:13 | Queue | Villager (Male) |
| 5:19 | Build | Mill |
| 5:28 | Build | Palisade Wall |
| 5:43 | Queue | Villager (Male) |
| 5:59 | Queue | Villager (Male) |
| 6:08 | Build | Palisade Wall |
| 6:09 | Build | Palisade Wall |
| 6:13 | Build | Palisade Wall |
| 6:14 | Build | Palisade Wall |
| 6:18 | Queue | Villager (Male) |
| 6:21 | Build | House |
| 6:24 | Build | House |
| 6:43 | Queue | Villager (Male) |
| 6:48 | Build | Palisade Wall |
| 6:50 | Build | Palisade Wall |
| 6:50 | Build | Palisade Wall |
| 6:52 | Queue | Villager (Male) |
| 7:10 | Build | Palisade Wall |
| 7:14 | Queue | Villager (Male) |
| 7:51 | Build | Farm |
| 7:58 | Queue | Villager (Male) |
| 8:22 | Build | Mining Camp |
| 8:45 | Research | Loom |
| 9:00 | Research | Feudal Age |
| 9:45 | Build | House |
| 9:46 | Build | House |
| 10:38 | Build | House |
| 10:40 | Queue | Villager (Male) |
| 10:47 | Build | House |
| 11:21 | Age | Feudal Age |
| 11:30 | Build | Barracks |
| 11:43 | Queue | Villager (Male) |
| 12:04 | Build | Lumber Camp |
| 12:05 | Queue | Villager (Male) |
| 12:07 | Queue | Flemish Militia |
| 12:07 | Queue | Flemish Militia |
| 12:08 | Queue | Flemish Militia |
| 12:17 | Research | Bow Saw |
| 12:18 | Queue | Villager (Male) |
| 12:22 | Build | House |
| 12:23 | Build | House |
| 12:29 | Queue | Flemish Militia |
| 12:31 | Queue | Villager (Male) |
| 12:44 | Build | Mining Camp |
| 14:06 | Build | House |
| 14:44 | Build | Town Center |
| 14:52 | Build | House |
| 15:00 | Build | House |
| 15:29 | Build | House |
| 15:42 | Queue | Flemish Militia |
| 15:43 | Queue | Flemish Militia |
| 15:47 | Build | House |
| 15:51 | Build | Watch Tower |
| 15:54 | Build | Watch Tower |
| 16:35 | Queue | Villager (Male) |
| 16:35 | Queue | Villager (Male) |
| 16:37 | Build | Lumber Camp |
| 16:38 | Queue | Villager (Male) |
| 17:09 | Queue | Villager (Male) |
| 17:42 | Build | House |
| 17:43 | Build | House |
| 17:51 | Build | Mining Camp |
| 17:52 | Queue | Villager (Male) |
| 18:26 | Build | Mill |
| 18:32 | Build | Outpost |
| 18:35 | Build | House |
| 18:41 | Build | Market |
| 18:53 | Build | Farm |
| 18:55 | Build | Farm |
| 18:56 | Build | Farm |
| 18:57 | Build | Farm |
| 18:58 | Build | Farm |
| 19:05 | Build | Farm |
| 19:11 | Build | Lumber Camp |
| 19:40 | Build | House |
| 19:43 | Queue | Villager (Male) |
| 19:49 | Queue | Villager (Male) |
| 19:56 | Queue | Militia |
| 19:59 | Queue | Flemish Militia |
| 19:59 | Queue | Flemish Militia |
| 20:00 | Queue | Flemish Militia |
| 20:10 | Build | Watch Tower |
| 20:14 | Queue | Flemish Militia |
| 20:18 | Build | House |
| 20:24 | Build | Lumber Camp |
| 20:33 | Queue | Villager (Male) |
| 20:34 | Queue | Flemish Militia |
| 20:37 | Build | House |
| 20:40 | Queue | Villager (Male) |
| 20:42 | Build | Farm |
| 20:44 | Build | Farm |
| 20:48 | Queue | Flemish Militia |
| 21:01 | Queue | Flemish Militia |
| 21:09 | Queue | Villager (Male) |
| 21:12 | Build | Farm |
| 21:14 | Build | Farm |
| 21:17 | Queue | Flemish Militia |
| 21:32 | Build | Farm |
| 21:34 | Build | Farm |
| 21:36 | Queue | Villager (Male) |
| 21:48 | Build | Watch Tower |
| 21:51 | Queue | Villager (Male) |
| 21:53 | Build | Blacksmith |
| 21:56 | Build | Outpost |
| 21:57 | Build | Outpost |
| 22:18 | Queue | Villager (Male) |
| 22:40 | Research | Arson |
| 22:55 | Research | Fletching |
| 22:55 | Research | Fletching |
| 22:57 | Build | House |
| 22:59 | Build | House |
| 23:00 | Build | House |
| 23:01 | Queue | Villager (Male) |
| 23:16 | Queue | Flemish Militia |
| 23:16 | Queue | Flemish Militia |
| 23:28 | Build | Watch Tower |
| 23:40 | Queue | Flemish Militia |
| 23:42 | Queue | Villager (Male) |
| 23:45 | Build | House |
| 24:20 | Queue | Flemish Militia |
| 24:20 | Queue | Flemish Militia |
| 24:20 | Queue | Flemish Militia |
| 24:25 | Queue | Villager (Male) |
| 24:29 | Build | Mill |
| 24:34 | Queue | Villager (Male) |
| 24:39 | Build | House |
| 24:42 | Queue | Flemish Militia |
| 24:44 | Queue | Villager (Male) |
| 24:50 | Build | House |
| 24:51 | Build | House |
Build order — MztK | FeNiX
First 150 of 247 actions detected
| 0:00 | Queue | Villager (Male) |
| 0:01 | Build | House |
| 0:02 | Build | House |
| 0:14 | Queue | Villager (Male) |
| 0:14 | Queue | Villager (Male) |
| 0:14 | Queue | Villager (Male) |
| 0:23 | Queue | Villager (Male) |
| 1:26 | Queue | Villager (Male) |
| 2:02 | Build | Barracks |
| 2:05 | Build | House |
| 2:12 | Build | House |
| 2:16 | Queue | Villager (Male) |
| 2:49 | Queue | Villager (Male) |
| 2:49 | Queue | Villager (Male) |
| 3:01 | Queue | Militia |
| 3:01 | Queue | Militia |
| 3:14 | Queue | Villager (Male) |
| 3:28 | Queue | Militia |
| 3:48 | Queue | Militia |
| 3:48 | Queue | Militia |
| 4:26 | Queue | Villager (Male) |
| 4:28 | Queue | Militia |
| 4:31 | Build | House |
| 4:45 | Queue | Villager (Male) |
| 4:45 | Queue | Villager (Male) |
| 4:45 | Queue | Villager (Male) |
| 5:09 | Queue | Villager (Male) |
| 5:22 | Queue | Villager (Male) |
| 5:57 | Queue | Villager (Male) |
| 6:21 | Queue | Villager (Male) |
| 6:21 | Queue | Villager (Male) |
| 6:37 | Queue | Villager (Male) |
| 6:37 | Queue | Villager (Male) |
| 6:40 | Build | Lumber Camp |
| 6:54 | Build | Lumber Camp |
| 7:01 | Build | House |
| 7:54 | Build | Mill |
| 8:08 | Research | Loom |
| 8:08 | Research | Loom |
| 8:11 | Build | House |
| 8:36 | Build | Palisade Gate |
| 9:08 | Queue | Villager (Male) |
| 9:08 | Queue | Villager (Male) |
| 9:38 | Build | House |
| 10:45 | Build | Town Center |
| 10:51 | Build | Town Center |
| 11:16 | Build | House |
| 11:37 | Queue | Villager (Male) |
| 11:37 | Queue | Villager (Male) |
| 12:22 | Queue | Villager (Male) |
| 12:23 | Queue | Villager (Male) |
| 12:23 | Queue | Villager (Male) |
| 12:23 | Queue | Villager (Male) |
| 12:23 | Queue | Villager (Male) |
| 12:54 | Build | Palisade Gate |
| 12:57 | Build | Palisade Gate |
| 13:02 | Build | Palisade Wall |
| 13:15 | Build | Palisade Wall |
| 14:00 | Build | House |
| 14:21 | Queue | Villager (Male) |
| 14:26 | Build | Farm |
| 14:29 | Build | Farm |
| 14:32 | Build | Farm |
| 14:50 | Queue | Villager (Male) |
| 14:54 | Build | Farm |
| 15:11 | Build | Farm |
| 15:13 | Build | Farm |
| 15:14 | Queue | Villager (Male) |
| 15:14 | Queue | Villager (Male) |
| 15:43 | Queue | Villager (Male) |
| 15:45 | Build | Farm |
| 15:56 | Build | Farm |
| 16:01 | Build | House |
| 17:01 | Queue | Villager (Male) |
| 17:01 | Queue | Villager (Male) |
| 17:02 | Queue | Villager (Male) |
| 18:03 | Build | Mining Camp |
| 18:17 | Queue | Villager (Male) |
| 18:22 | Build | Farm |
| 18:24 | Build | Farm |
| 18:39 | Build | Farm |
| 18:43 | Build | Farm |
| 18:46 | Queue | Villager (Male) |
| 18:46 | Queue | Villager (Male) |
| 19:08 | Build | House |
| 19:30 | Queue | Villager (Male) |
| 19:33 | Build | Farm |
| 19:34 | Build | Farm |
| 19:35 | Queue | Villager (Male) |
| 20:02 | Research | Feudal Age |
| 20:02 | Research | Feudal Age |
| 20:46 | Build | Mining Camp |
| 22:05 | Age | Feudal Age |
| 22:10 | Build | Watch Tower |
| 22:15 | Queue | Villager (Male) |
| 22:18 | Build | Market |
| 22:20 | Build | Blacksmith |
| 23:09 | Build | Watch Tower |
| 24:13 | Research | Castle Age |
| 24:14 | Research | Castle Age |
| 24:29 | Build | Watch Tower |
| 24:38 | Build | Market |
| 24:41 | Queue | Villager (Male) |
| 25:36 | Build | Mining Camp |
| 25:56 | Build | Farm |
| 26:39 | Age | Castle Age |
| 26:57 | Build | Town Center |
| 26:59 | Queue | Villager (Male) |
| 27:08 | Build | Stable |
| 27:09 | Queue | Villager (Male) |
| 27:10 | Build | Farm |
| 27:47 | Queue | Knight |
| 27:47 | Queue | Knight |
| 27:47 | Queue | Knight |
| 27:54 | Queue | Villager (Male) |
| 27:55 | Queue | Villager (Male) |
| 28:43 | Queue | Villager (Male) |
| 28:43 | Queue | Villager (Male) |
| 28:43 | Queue | Villager (Male) |
| 29:09 | Build | Town Center |
| 29:14 | Queue | Villager (Male) |
| 29:18 | Queue | Knight |
| 29:18 | Queue | Knight |
| 29:23 | Build | Farm |
| 29:24 | Queue | Villager (Male) |
| 29:40 | Build | Watch Tower |
| 29:45 | Build | Blacksmith |
| 29:58 | Queue | Villager (Male) |
| 30:10 | Queue | Villager (Male) |
| 30:10 | Queue | Villager (Male) |
| 30:12 | Research | Double-Bit Axe |
| 30:12 | Research | Double-Bit Axe |
| 30:23 | Queue | Knight |
| 30:24 | Queue | Villager (Male) |
| 30:25 | Queue | Villager (Male) |
| 30:25 | Queue | Villager (Male) |
| 30:41 | Build | Palisade Wall |
| 30:43 | Build | Palisade Wall |
| 30:44 | Build | Palisade Wall |
| 30:44 | Build | Palisade Wall |
| 30:49 | Research | Forging |
| 31:21 | Research | Husbandry |
| 31:25 | Build | Farm |
| 31:27 | Build | Farm |
| 31:27 | Build | Farm |
| 31:28 | Build | Farm |
| 32:05 | Build | Lumber Camp |
| 32:12 | Queue | Villager (Male) |
| 32:12 | Queue | Villager (Male) |
| 32:13 | Queue | Villager (Male) |
Match timeline
| 2:02 | MztK | FeNiX · first_building Barracks |
| 5:28 | zz_Highway · wall_segment Palisade Wall x6 |
| 6:08 | zz_Highway · wall_segment Palisade Wall x1 |
| 6:09 | zz_Highway · wall_segment Palisade Wall x1 |
| 6:13 | zz_Highway · wall_segment Palisade Wall x1 |
| 6:14 | zz_Highway · wall_segment Palisade Wall x1 |
| 6:48 | zz_Highway · wall_segment Palisade Wall x1 |
| 6:50 | zz_Highway · wall_segment Palisade Wall x1 |
| 6:50 | zz_Highway · wall_segment Palisade Wall x1 |
| 7:10 | zz_Highway · wall_segment Palisade Wall x1 |
| 11:21 | zz_Highway · age_up feudal |
| 11:30 | zz_Highway · first_building Barracks |
| 13:02 | MztK | FeNiX · wall_segment Palisade Wall x1 |
| 13:15 | MztK | FeNiX · wall_segment Palisade Wall x1 |
| 19:54 | zz_Highway · first_market_sell 100 wood |
| 22:05 | MztK | FeNiX · age_up feudal |
| 24:12 | MztK | FeNiX · first_market_buy 100 food |
| 25:45 | zz_Highway · first_market_buy 100 food |
| 26:39 | MztK | FeNiX · age_up castle |
| 27:08 | MztK | FeNiX · first_building Stable |
| 28:54 | zz_Highway · age_up castle |
| 28:57 | zz_Highway · first_building Siege Workshop |
| 29:35 | zz_Highway · first_building Monastery |
| 30:41 | MztK | FeNiX · wall_segment Palisade Wall x1 |
| 30:43 | MztK | FeNiX · wall_segment Palisade Wall x1 |
| 30:44 | MztK | FeNiX · wall_segment Palisade Wall x1 |
| 30:44 | MztK | FeNiX · wall_segment Palisade Wall x1 |
| 32:09 | zz_Highway · first_building Castle |
| 33:14 | MztK | FeNiX · first_building Monastery |
| 33:36 | MztK | FeNiX · first_building Castle |
| 36:36 | zz_Highway · wall_segment Palisade Wall x1 |
| 39:32 | MztK | FeNiX · wall_segment Palisade Wall x1 |
| 40:58 | MztK | FeNiX · wall_segment Palisade Wall x1 |
| 42:06 | MztK | FeNiX · first_market_sell 100 wood |
| 43:27 | MztK | FeNiX · first_building Siege Workshop |
| 45:50 | zz_Highway · age_up imperial |
| 47:57 | MztK | FeNiX · resign |
[ AI ANALYSIS · 1 CREDIT ]
What really happened in this match?
Wolo.gg analyzes every decision: build order, eco, micro, common mistakes by bracket. Personalized analysis on WhatsApp or Discord in 30 seconds.
Civ guide
Burgundians
Perfil
zz_Highway